 Dungeon Crawl Stone Soup version 0.31-a0-640-g39d97e502b (webtiles) character file.

Game seed: 16836557809195328517

45 qw the Shooter (level 3, -1/22 HPs)
             Began as a Gargoyle Hunter on Aug 27, 2023.
             Slain by Sigmund
             ... wielding a +0 scythe
              (6 damage)
             ... on level 2 of the Dungeon.
             The game lasted 00:00:26 (1066 turns).

qw the Shooter (Gargoyle Hunter)                    Turns: 1066, Time: 00:00:26

Health: -1/22      AC:  7    Str: 14    XL:     3   Next: 64%
Magic:  3/3        EV: 11    Int:  9    God:
Gold:   38         SH:  0    Dex: 15    Spells: 2/2 levels left

rFire   . . .        Y - +0 shortbow
rCold   . . .        (shield currently unavailable)
rNeg    + . .        c - +0 leather armour
rPois   inf          (no helmet)
rElec   +            (no cloak)
rCorr   .            g - +0 pair of gloves
SInv    .            (no boots)
Will    .....        (no amulet)
Stlth   +            (no ring)
HPRegen 0.23/turn    (no ring)
MPRegen 0.08/turn

%: no passive effects
@: confused
A: sickness immunity, AC +3, negative energy resistance 1, electricity
resistance, torment resistance 1, petrification resistance
a: no special abilities


You were on level 2 of the Dungeon.
You visited 1 branch of the dungeon, and saw 2 of its levels.

You collected 38 gold pieces.


Innate Abilities, Weirdness & Mutations

You are immune to sickness and miasma.
Your stone body is resilient. (AC +3)
You are immune to poison.
You resist negative energy. (rN+)
You are resistant to electric shocks. (rElec)
You are resistant to unholy torment.
You are immune to petrification.


   Skills:
 + Level 2.8 Fighting
 - Level 5.0 Ranged Weapons
 - Level 1.5 Dodging
 - Level 1.1 Stealth


You had 2 spell levels left.
You didn't know any spells.
Your spell library was empty.

Inventory:

Hand Weapons
 Y - a +0 shortbow (weapon)
Armour
 c - a +0 leather armour (worn)
 g - a +0 pair of gloves (worn)
Scrolls
 a - a scroll of fear {unknown}
Potions
 b - a potion of attraction {unknown}
 d - a potion of brilliance {unknown}
 f - a potion of mutation {unknown}

Dungeon Overview and Level Annotations

Branches:
Dungeon (2/15)

Altars:

Shops:
D:1 =

Annotations:
D:2 Sigmund


Message History

Sigmund the Dreaded comes into view.
He is wielding a +0 scythe.
Sigmund shouts!
You shoot an arrow. The arrow closely misses Sigmund.
Sigmund points at you and mumbles some strange words.
The puff of flame misses you.
You shoot an arrow. The arrow barely misses Sigmund.
Sigmund casts a spell at you.
You are confused.
A frilled lizard comes into view.
The frilled lizard hisses angrily.
Sigmund flickers, as though insubstantial.
Sigmund hits you from afar with a +0 scythe.
You feel less confused. Sigmund casts a spell at you.
You are confused.
Sigmund hits you but does no damage. Sigmund closely misses you.
The frilled lizard closely misses you.
Sigmund gestures wildly while chanting.
Sigmund flickers and vanishes!
Deactivating autopickup; reactivate with Ctrl-A.
The frilled lizard bites you but does no damage.
Something hits you. The frilled lizard barely misses you.
You feel less confused. Something hits you but does no damage.
The frilled lizard bites you but does no damage.
You shoot an arrow. The arrow hits the frilled lizard.
You kill the frilled lizard!
Something hits you but does no damage.
You shoot an arrow. You shoot an arrow. Something hits you.
You shoot an arrow.
You hear some strange, mumbled words.
You are confused.
You shoot an arrow. Something hits you!
You shoot an arrow. Something hits you.
You die...

#...##.########......#
##.###.# ##....##
#####.### ######>##
#.......# #......#
#.###.#.# #.######
#.###.#.# #.#
##.##..#.#
#.##########
.#.#.#.#.#
#.##.......#
...##.##.#
#.##@%{.....
.........#
#.##.###....
..###.#### #.##%# .
.####.# #.##.###.#..
......# #...........
##....# ####.######.
##...# #.# #...# ###
#.# #.}.# ...# #..


There were no monsters in sight!

Vanquished Creatures
  A worm (D:2)
  2 dart slugs (D:1)
  3 endoplasms (D:1)
  A giant cockroach (D:1)
  3 goblins (D:1)
  5 hobgoblins
  2 jackals (D:1)
  2 quokkas (D:1)
  3 ball pythons (D:1)
  5 bats
  3 frilled lizards
  4 kobolds (D:1)
  2 rats
36 creatures vanquished.

Notes
Turn   | Place    | Note
-------+----------+-------------------------------------------
     0 | D:1      | qw the Gargoyle Hunter began the quest for the Orb.
     0 | D:1      | Reached XP level 1. HP: 12/12 MP: 1/1
     0 | D:1      | 0 ||| qw: Version: 0.3-a-74-g0d5e918
     0 | D:1      | 0 ||| qw: Game counter: 107
     0 | D:1      | 0 ||| qw: Melee chars always use a shield: true
     0 | D:1      | 0 ||| qw: God list: Okawaru
     0 | D:1      | 0 ||| qw: Allow faded altars: false
     0 | D:1      | 0 ||| qw: Do Orc after clearing Dungeon:15 true
     0 | D:1      | 0 ||| qw: Do second Lair branch before Depths: true
     0 | D:1      | 0 ||| qw: Lair rune preference: random
     0 | D:1      | 0 ||| qw: Goals: Normal
     0 | D:1      | 0 ||| PLANNING D:1-11
    11 | D:1      | Found a faded altar of an unknown god.
    68 | D:1      | Reached XP level 2. HP: 17/17 MP: 2/2
   267 | D:1      | Reached XP level 3. HP: 21/21 MP: 3/3
   338 | D:1      | Reached skill level 5 in Ranged Weapons
   462 | D:1      | Found Ruosh's Jewellery Boutique.
   469 | D:1      | 469 ||| SHOPLISTING amulet "Tesmyese" {Faith rF+ Str+4}
                  | (873 gold, have 20).
   469 | D:1      | 469 ||| SHOPLISTING amulet of faith (560 gold, have 20).
   469 | D:1      | 469 ||| SHOPLISTING ring of positive energy (280 gold, have
                  | 20).
   469 | D:1      | 469 ||| SHOPLISTING ring of protection from cold (350 gold,
                  | have 20).
   732 | D:1      | 732 ||| UPGRADING to +0 pair of gloves.
   737 | D:1      | 737 ||| DROPPING ring of flight.
   738 | D:1      | 738 ||| READING scroll labelled YDUREB VALOMNE.
   739 | D:1      | 739 ||| READING scroll labelled KOWINI TIXA.
   740 | D:1      | 740 ||| DROPPING scroll of butterflies.
  1046 | D:2      | Noticed Sigmund
  1065 | D:2      | HP: 4/22 [something (9)]
  1066 | D:2      | Slain by Sigmund

Levels and vault maps discovered:
D:1:      reono_arrival_mine, layout_loops_ring, serial_shops,
          nicolae_shop_trees, hellmonk_ecumenical_altar_pennies_from_heaven
D:2:      layout_loops_corners, nicolae_elevator_lobby_asterisk,
          uniq_crazy_yiuf_cottage, uniq_terence, uniq_sigmund

Skill      XL: |  1  2  3 |
---------------+----------+-----
Ranged Weapons | 5 |  5.0
Fighting       | |  2.8
Dodging        | |  1.5
Stealth        | |  1.1

Action                     || total
---------------------------++-------
   Fire: Shortbow          ||   104
    Use: Scroll            ||     2
 Armour: Leather armour    ||    21
  Dodge: Dodged            ||    24

Table legend:
 A = Non-vault XP
 B = Vault XP
 C = Vault XP percentage of total XP
 D = Non-vault monster count
 E = Vault monster count
 F = Vault count percentage of total count
                 A         B        C        D         E       F
            +---------+---------+-------+---------+---------+-------
      Total |      65 |       0 |   0.0 |      36 |       0 |   0.0
            +---------+---------+-------+---------+---------+-------
        D:1 |      54 |       0 |   0.0 |      31 |       0 |   0.0
        D:2 |      11 |       0 |   0.0 |       5 |       0 |   0.0
            +---------+---------+-------+---------+---------+-------
